 Dungeon Crawl Stone Soup version 0.31-a0-844-gdc52ec4e09 (webtiles) character file.

Game seed: 5731968091182272073

128829 Joey1 the Peltast (level 16, -1/155 HPs)
             Began as a Minotaur Berserker on Sept 30, 2023.
             Was a High Priest of Trog.
             Killed from afar by a thorn hunter (15 damage)
             ... with a volley of thorns
             ... on level 4 of the Swamp.
             The game lasted 01:05:55 (32162 turns).

Joey1 the Peltast (Minotaur Berserker)             Turns: 32162, Time: 01:05:56

Health: -1/155     AC: 19    Str: 32    XL:     16   Next: 49%
Magic:  15/15      EV: 13    Int:  4    God:    Trog [*****.]
Gold:   492        SH: 23    Dex: 14    Spells: 15/15 levels left

rFire   . . .        w - +4 broad axe (elec)
rCold   + . .        f - +2 tower shield
rNeg    + . .        e - +0 swamp dragon scales
rPois   +            (helmet restricted)
rElec   +            S - +4 cloak of the Old and Reckless {rC+ rN+ Str+2 Dex+4}
rCorr   +            L - +0 pair of gloves
SInv    .            (no boots)
Will    ++...        J - amulet "Puar" {Will+ Regen+}
Stlth   +            H - ring "Koto" {rElec rCorr Slay+2}
HPRegen 1.25/turn    s - +4 ring of protection
MPRegen 0.14/turn

%: no passive effects
@: slowed, studying Evocations, very slow
A: horns 2, retaliatory headbutt
a: Renounce Religion, Berserk, Trog's Hand, Brothers in Arms


You were on level 4 of the Swamp.
You worshipped Trog.
Trog was extremely pleased with you.
You visited 4 branches of the dungeon, and saw 26 of its levels.
You also visited: Trove, Sewer and Ice Cave.

You collected 3321 gold pieces.
You spent 2829 gold pieces at shops.

Inventory:

Hand Weapons
 b - a +2 broad axe of flaming
 w - a +4 broad axe of electrocution (weapon)
Missiles
 t - 3 javelins
 E - 4 throwing nets
Armour
 e - +0 swamp dragon scales (worn)
 f - a +2 tower shield (worn)
 o - a +0 plate armour
 L - a +0 pair of gloves (worn)
 S - the +4 cloak of the Old and Reckless (worn) {rC+ rN+ Str+2 Dex+4}
   (You found it on level 9 of the Dungeon)

   Str+2:     It affects your strength (+2).
   Dex+4:     It affects your dexterity (+4).
   rC+:       It protects you from cold.
   rN+:       It protects you from negative energy.
Jewellery
 n - a ring of ice
 s - a +4 ring of protection (right hand)
 F - the amulet of the Air {Inacc Air Fly rElec RMsl}
   (You found it on level 5 of the Lair of Beasts)

   [amulet of nothing]

   Inacc:     It reduces the accuracy of your attacks and spells.
   Air:       It enhances your air magic.
   rElec:     It insulates you from electricity.
   Fly:       It grants you flight.
   RMsl:      It protects you from missiles.
 H - the ring "Koto" (left hand) {rElec rCorr Slay+2}
   (You bought it in a shop on level 2 of the Dungeon)

   [ring of resist corrosion]

   Slay+2:    It affects your accuracy & damage with ranged weapons and melee
   (+2).
   rElec:     It insulates you from electricity.
   rCorr:     It protects you from acid and corrosion.
 J - the amulet "Puar" (around neck) {Will+ Regen+}
   (You found it on level 1 of the Swamp)

   [amulet of regeneration]

   Will+:     It increases your willpower.
   Regen+:    It increases your rate of health regeneration.
 R - a ring of protection from fire
Wands
 d - a wand of digging (9)
 u - a wand of flame (28)
 y - a wand of mindburst (25)
 I - a wand of roots (41)
 P - a wand of polymorph (10)
 V - a wand of quicksilver (34)
 Z - a wand of paralysis (46)
Scrolls
 g - a scroll of amnesia {unknown}
 j - 7 scrolls of teleportation
 k - a scroll of summoning {unknown}
 l - 3 scrolls of noise
 r - 4 scrolls of fear
 D - 3 scrolls of revelation
 G - 2 scrolls of fog
 M - 3 scrolls of enchant armour
 T - 3 scrolls of poison
 U - a scroll of enchant weapon {unknown}
 W - a scroll of silence {unknown}
 X - a scroll of immolation {unknown}
Potions
 h - 2 potions of lignification
 p - 5 potions of attraction
 q - 2 potions of berserk rage
 v - a potion of heal wounds
 x - 5 potions of enlightenment
 z - a potion of ambrosia {unknown}
 A - 2 potions of invisibility {unknown}
 B - 4 potions of haste
 C - 11 potions of curing
 K - 3 potions of mutation
 N - 5 potions of might
 O - 5 potions of magic {unknown}
 Q - a potion of resistance
 Y - a potion of cancellation {unknown}
Miscellaneous
 a - a sack of spiders
 c - a phantom mirror
 i - a phial of floods


   Skills:
 - Level 17.0 Fighting
 - Level 18.0 Axes
 - Level 7.2 Armour
 - Level 6.2 Dodging
 + Level 19.7 Shields
 - Level 12.0 Evocations


You had 15 spell levels left.
You didn't know any spells.
Your spell library was empty.

Dungeon Overview and Level Annotations

Branches:
Dungeon (15/15)            Temple (0/1) D:4            Lair (5/5) D:10
  Swamp (4/4) Lair:2        Snake (0/4) Lair:2        Slime (0/5) Lair:4
    Orc (2/2) D:11            Elf (0/3) Orc:2        Vaults (0/5) D:13
 Depths (0/4) D:15          Sewer (visited)           IceCv (visited)

Altars:
Gozag
Jiyva

Shops:
D:2 =:   D:8 (!(   D:10 (   D:14 [*[   Orc:2 [=(*

Annotations:
D:7 1 runed translucent door, Crazy Yiuf
D:14 exclusion: ice statue
Lair:4 1 runed translucent door
Swamp:1 2 transporters, Ylluogh's ghost, adept GnWn


Innate Abilities, Weirdness & Mutations

You have a pair of horns on your head.
You reflexively headbutt those who attack you in melee.


Message History

The thorn hunter gestures.
Thorny briars emerge from the ground!
The thorn hunter gestures.
The briar patch crumbles away. x2
You slice the briar patch!!
You destroy the briar patch!
You slash the briar patch! x2
Lightning courses through the briar patch!
You destroy the briar patch!
The briar patch crumbles away.
Something hits the briar patch.
Something hits the briar patch!!
The briar patch is destroyed!
The briar patch crumbles away. x5
You slash the briar patch!
Lightning courses through the briar patch!
You destroy the briar patch!
You slash the briar patch!
Lightning courses through the briar patch!
You destroy the briar patch!
You hit the briar patch. You slice the briar patch!!
You destroy the briar patch!
The briar patch crumbles away. x3
You slash the briar patch!
Lightning courses through the briar patch!!
You destroy the briar patch!
You hit the briar patch.
Lightning courses through the briar patch!
You completely miss the briar patch.
You are struck by the briar patch's thorns.
* * * LOW HITPOINT WARNING * * *
You slash the briar patch!
Lightning courses through the briar patch!
You destroy the briar patch!
You slash the briar patch!
Lightning courses through the briar patch!!
You destroy the briar patch!
The briar patch crumbles away. x5
The thorn hunter fires a volley of thorns at you.
The volley of thorns hits you!
You die...

#~~.PP♣~..~.
##..~♣.♣..♣~
#~P~~PPP.~♣
#~.P.P~~.♣♣♣...
#.R~~.f....~~.~
♣~..♣♣......~)~
##~♣....♣♣..~.~~.
##§~♣♣P..P♣♣P♣PPP♣
##~~.♣~@~.♣♣ ♣♣♣♣♣♣
###~§~~P...♣♣
###~~~~~~.♣~♣♣
#~...~~~~~~†.♣
♣.~.~~~~~..♣♣
♣♣♣†.♣~~~~~..♣♣
♣.<♣♣~~~~§~~.~♣
~~...~~~♣..~~§.~~♣♣
~.♣♣.~~~~..§~....♣♣


You could see a thorn hunter and an eleionoma.

Vanquished Creatures
  A tentacled monstrosity (Swamp:3)
  A fenstrider witch (Swamp:1)
  Roxanne (D:15)
  A fire giant (D:15)
  3 ghouls (Swamp:3)
  Azrael (Orc:2)
  3 eleionomae
  2 bunyips
  A fire dragon (D:11)
  A shambling mangrove (Swamp:2)
  A rakshasa (D:10)
  Harold (D:10)
  7 hydras
  3 catoblepae (Lair:5)
  A spriggan air mage (Swamp:2)
  A ghost crab (Swamp:2)
  5 centaur warriors
  6 alligators
  2 dancing weapons (D:13)
  2 tengu warriors
  A death knight (D:11)
  6 death yaks (Lair:5)
  6 two-headed ogres
  4 boulder beetles
  A spriggan berserker (Swamp:1)
  6 orc high priests
  4 spriggans
  2 skysharks
  3 skeletal warriors (D:11)
  7 goliath frogs
  A death drake (Swamp:4)
  5 swamp dragons
  5 bog bodies
  A wizard (D:12)
  A wolf spider (D:11)
  3 deep elf pyromancers (D:12)
  9 orc knights
  13 ugly things
  2 orc sorcerers (D:11)
  The ghost of hgbash the Digger, a novice GrEE (D:5)
  3 will-o-the-wisps
  4 cyclopes
  9 manticores
  3 elephants (Lair:3)
  A moth of wrath (Swamp:1)
  5 black mambas
  2 ice statues (IceCv)
  2 gargoyles
  10 cane toads
  A yaktaur (D:12)
  2 kobold demonologists (D:13)
  5 komodo dragons
  A freezing wraith (D:14)
  A tengu conjurer (D:12)
  8 trolls
  Grinder (D:3)
  A bloated husk (Swamp:3)
  A queen bee (D:11)
  7 hornets
  Prince Ribbit (D:5)
  2 polar bears
  7 tyrant leeches
  11 blink frogs
  16 slime creatures
  A centaur simulacrum (D:11)
  Sigmund (D:3)
  4 wyverns
  A vampire (D:13)
  7 wraiths
  45 yaks
  4 shadows
  6 basilisks
  A fire elemental (Orc:2)
  3 steam dragons
  21 vampire mosquitoes
  Menkaure (D:4)
  2 wargs (Orc:2)
  4 nagas (Lair:2)
  Edmund (D:5)
  14 swamp worms
  2 acid dragons
  19 water moccasins
  3 hell hounds
  39 orc warriors
  A black bear (shapeshifter) (D:12)
  3 ice beasts
  2 boggarts (D:10)
  12 ogres
  9 wolves
  13 centaurs
  Blork the orc (D:5)
  6 kobold brigands
  2 gnoll sergeants (D:11)
  2 necrophages (Swamp:3)
  11 bullfrogs
  A cane toad simulacrum (IceCv)
  6 wights (D:10)
  2 troll zombies (Swamp:3)
  40 killer bees
  A troll skeleton (Swamp:3)
  An electric eel (Lair:2)
  8 howler monkeys
  2 jellies
  5 hounds
  3 gnoll boudas
  29 orc priests
  7 iguanas
  A sleepcap (D:5)
  Ijyb (D:3)
  15 orc wizards
  4 hell rats (Lair:5)
  A polar bear simulacrum (IceCv)
  A sickly merfolk siren (Sewer)
  A malarious merfolk avatar (Sewer)
  29 gnolls
  3 river rats
  15 adders
  17 white imps
  3 ufetubi
  4 worms
  A dart slug (D:1)
  100 orcs
  9 ball pythons
  6 bats
  8 endoplasms
  3 giant cockroaches
  7 goblins
  8 hobgoblins
  10 jackals
  8 quokkas
  5 frilled lizards
  18 kobolds
  26 rats
879 creatures vanquished.

Vanquished Creatures (collateral kills)
  An alligator (Swamp:1)
  2 spriggan air magi (Swamp:1)
  A two-headed ogre (D:10)
  A spriggan (Swamp:1)
  A goliath frog (Swamp:1)
  A will-o-the-wisp (Swamp:1)
  A hornet (Swamp:1)
8 creatures vanquished.

Vanquished Creatures (others)
  An alligator (Swamp:4)
  A spriggan (Swamp:4)
  4 bloated husks
  A hornet (Swamp:4)
  A killer bee (D:11)
  An orc priest (Orc:2)
  18 foxfires
27 creatures vanquished.

Grand Total: 914 creatures vanquished

Notes
Turn   | Place    | Note
-------+----------+-------------------------------------------
     0 | D:1      | Joey1 the Minotaur Berserker began the quest for the Orb.
     0 | D:1      | Reached XP level 1. HP: 19/19 MP: 0/0
    86 | D:1      | Reached XP level 2. HP: 21/27 MP: 1/1
   607 | D:2      | Found Waug's Jewellery Shoppe.
   645 | D:2      | Reached ** piety under Trog
   646 | D:2      | Reached XP level 3. HP: 33/33 MP: 2/2
   783 | D:2      | Reached XP level 4. HP: 24/40 MP: 3/3
   790 | D:2      | Reached skill level 5 in Axes
   950 | D:2      | Found Isya's Vocational Training.
  1307 | D:3      | Reached XP level 5. HP: 42/47 MP: 4/4
  1339 | D:3      | Found a glowing drain.
  1346 | Sewer    | Entered a sewer
  1546 | Sewer    | Reached *** piety under Trog
  1579 | Sewer    | Reached skill level 5 in Fighting
  1642 | Sewer    | Reached XP level 6. HP: 56/56 MP: 5/5
  1846 | D:3      | Noticed Sigmund
  1857 | D:3      | Killed Sigmund
  2013 | D:3      | Reached XP level 7. HP: 57/61 MP: 6/6
  2039 | D:3      | Found a faded altar of an unknown god.
  2066 | D:3      | Found an opulent altar of Gozag.
  2100 | D:3      | Noticed Ijyb
  2107 | D:3      | Killed Ijyb
  2291 | D:3      | Noticed Grinder
  2313 | D:3      | Killed Grinder
  2314 | D:3      | Reached skill level 5 in Dodging
  2871 | D:4      | Noticed Menkaure
  2879 | D:4      | Killed Menkaure
  2879 | D:4      | Reached **** piety under Trog
  3118 | D:4      | Found a staircase to the Ecumenical Temple.
  3442 | D:5      | Entered Level 5 of the Dungeon
  3452 | D:5      | Reached XP level 8. HP: 53/68 MP: 7/7
  3462 | D:5      | Reached skill level 10 in Axes
  4030 | D:5      | Noticed Edmund
  4041 | D:5      | Killed Edmund
  4114 | D:5      | Noticed Blork the orc
  4135 | D:5      | Killed Blork the orc
  4309 | D:5      | Noticed Prince Ribbit
  4333 | D:5      | Killed Prince Ribbit
  4334 | D:5      | Reached XP level 9. HP: 74/74 MP: 8/8
  4368 | D:5      | Found a transporter.
  4431 | D:5      | Noticed hgbash's ghost (novice GrEE)
  4457 | D:5      | Found a transporter.
  5008 | D:6      | Reached ***** piety under Trog
  5518 | D:6      | Reached skill level 15 in Axes
  6158 | D:7      | Found a runed translucent door.
  6159 | D:7      | Noticed Crazy Yiuf
  6230 | D:7      | Reached skill level 1 in Shields
  6479 | D:7      | Reached skill level 2 in Shields
  6479 | D:7      | Reached XP level 10. HP: 81/81 MP: 9/9
  6905 | D:8      | Reached skill level 3 in Shields
  7038 | D:8      | Reached skill level 4 in Shields
  7047 | D:8      | Received a gift from Trog
  7182 | D:8      | Reached skill level 5 in Shields
  7201 | D:8      | Found Vusioq's Weapon Shop.
  7201 | D:8      | Found Toxzuschu's Distillery.
  7243 | D:8      | Bought a potion of curing for 33 gold pieces
  7243 | D:8      | Bought a potion of haste for 110 gold pieces
  7243 | D:8      | Bought a potion of heal wounds for 55 gold pieces
  7243 | D:8      | Bought a potion of resistance for 110 gold pieces
  7243 | D:8      | Bought a potion of might for 44 gold pieces
  7299 | D:8      | Found Zawenuz's Antique Weapon Shop.
  7589 | D:9      | Identified the +4 cloak of the Old and Reckless {rC+ rN+
                  | Str+2 Dex+4}
  8182 | D:9      | Noticed a two-headed ogre
  8190 | D:9      | Killed a two-headed ogre
  8471 | D:9      | Noticed a two-headed ogre
  8477 | D:9      | Killed a two-headed ogre
  8718 | D:9      | Reached skill level 10 in Fighting
  8718 | D:9      | Reached skill level 1 in Evocations
  9020 | D:10     | Entered Level 10 of the Dungeon
  9057 | D:10     | Found a staircase to the Lair.
  9167 | D:10     | Found Mockutet's Antique Weapon Boutique.
  9220 | D:10     | Noticed a two-headed ogre
  9230 | D:10     | Killed a two-headed ogre
  9231 | D:10     | Reached XP level 11. HP: 86/99 MP: 3/10
  9236 | D:10     | Noticed a two-headed ogre
  9243 | D:10     | Killed a two-headed ogre
  9472 | D:10     | Noticed Harold
  9485 | D:10     | Killed Harold
  9486 | D:10     | Reached skill level 5 in Evocations
  9963 | D:10     | Noticed a boulder beetle
  9963 | D:10     | Noticed a rakshasa
 10176 | Lair:1   | Entered Level 1 of the Lair of Beasts
 10555 | Lair:1   | Received a gift from Trog
 11334 | Lair:2   | Found a staircase to the Snake Pit.
 11340 | Lair:2   | Reached XP level 12. HP: 104/106 MP: 11/11
 11503 | Lair:2   | Noticed a five-headed hydra
 11503 | Lair:2   | Noticed an eight-headed hydra
 11767 | Lair:2   | Killed a nine-headed hydra
 12071 | Lair:2   | Killed a five-headed hydra
 12072 | Lair:2   | Reached skill level 5 in Armour
 12298 | Lair:2   | Found a staircase to the Swamp.
 13322 | Lair:3   | Reached skill level 10 in Evocations
 13958 | Lair:4   | Found a runed translucent door.
 13958 | Lair:4   | Found a viscous altar of Jiyva.
 13959 | Lair:4   | Found a staircase to the Slime Pits.
 13959 | Lair:4   | Noticed an azure jelly
 13959 | Lair:4   | Noticed an azure jelly
 14906 | Lair:5   | Entered Level 5 of the Lair of Beasts
 14926 | Lair:5   | Reached XP level 13. HP: 98/113 MP: 12/12
 14982 | Lair:5   | Identified the +5 war axe "Rugrenot" {venom, rElec Dex+2}
 15879 | Lair:5   | Identified the +4 executioner's axe "Satuq" {flame, rF+}
                  | (Trog gifted it to you on level 5 of the Lair of Beasts)
 15879 | Lair:5   | Received a gift from Trog
 16153 | Lair:5   | Found the amulet of the Air {Inacc Air Fly rElec RMsl}
 17060 | D:5      | Killed hgbash's ghost
 17332 | D:11     | Reached skill level 15 in Fighting
 17523 | D:11     | Noticed a fire dragon
 17540 | D:11     | Killed a fire dragon
 17563 | D:11     | Reached XP level 14. HP: 42/135 MP: 13/13
 18163 | D:11     | Reached skill level 6 in Shields
 18185 | D:11     | Received a gift from Trog
 18457 | D:11     | Found a staircase to the Orcish Mines.
 18758 | D:11     | Reached skill level 7 in Shields
 19247 | D:12     | Reached skill level 8 in Shields
 19256 | D:12     | Found a frozen archway.
 19290 | IceCv    | Entered an ice cave
 19302 | IceCv    | Found a transporter.
 19313 | IceCv    | Found a transporter.
 20022 | D:12     | Reached skill level 9 in Shields
 20089 | D:12     | Reached skill level 10 in Shields
 20358 | D:12     | Received a gift from Trog
 20379 | D:12     | Reached skill level 11 in Shields
 21175 | D:13     | Reached skill level 12 in Shields
 21470 | D:13     | Found a gate to the Vaults.
 21595 | D:13     | Reached skill level 13 in Shields
 22154 | Orc:1    | Entered Level 1 of the Orcish Mines
 22457 | Orc:2    | Entered Level 2 of the Orcish Mines
 22457 | Orc:2    | Found a staircase to the Elven Halls.
 22467 | Orc:2    | Reached ****** piety under Trog
 22467 | Orc:2    | Received a gift from Trog
 22471 | Orc:2    | Reached XP level 15. HP: 112/141 MP: 14/14
 22485 | Orc:2    | Noticed Azrael
 22657 | Orc:2    | Reached skill level 14 in Shields
 22679 | Orc:2    | Killed Azrael
 23641 | D:14     | Found Gachigyo's Armour Shoppe.
 23688 | D:14     | Found a portal to a secret trove of treasure.
 23719 | D:14     | Received a gift from Trog
 23787 | D:14     | Found Xiesk's Armour Emporium.
 23895 | D:14     | Reached skill level 15 in Shields
 24367 | D:14     | Found Reutwute's Assorted Antiques.
 24370 | D:14     | Bought a sedimented white potion for 28 gold pieces
 24778 | D:15     | Entered Level 15 of the Dungeon
 24959 | D:15     | Found a staircase to the Depths.
 24959 | D:15     | Noticed a fire giant
 24995 | D:15     | Killed a fire giant
 26207 | Orc:2    | Found Haxzu's Jewellery Shoppe.
 26210 | Orc:2    | Found Jutwecoc's Weapon Emporium.
 26211 | Orc:2    | Found Ethre's Antique Armour Shoppe.
 26212 | Orc:2    | Found Vaihomnu's Assorted Antiques.
 26218 | Orc:2    | Bought a red potion for 25 gold pieces
 26285 | Orc:1    | Reached skill level 16 in Shields
 26713 | D:10     | Received a gift from Trog
 27172 | D:2      | Bought the dreamshard necklace {Acrobat *Dream} for 2000
                  | gold pieces
 27172 | D:2      | Found the dreamshard necklace {Acrobat *Dream}
 27452 | D:14     | You paid a toll of the dreamshard necklace to enter a
                  | treasure trove
 27453 | Trove    | Entered a treasure trove
 27552 | D:15     | Noticed Roxanne
 27582 | D:15     | Killed Roxanne
 28468 | Swamp:1  | Entered Level 1 of the Swamp
 28549 | Swamp:1  | Reached skill level 17 in Shields
 28906 | Swamp:1  | HP: 7/143 [spriggan air mage/the air (20)]
 28912 | Swamp:1  | HP: 1/143 [spriggan rider/+0 spear (13)]
 29446 | Swamp:1  | Identified the +7 war axe of the Foremost Lives {drain,
                  | rPois rC+ rN+ Str+3 Int-3}
 29447 | Swamp:1  | Identified the amulet "Puar" {Will+ Regen+}
 29465 | Swamp:1  | Identified the staff of the Leaping Gods {rPois rN+ Earth}
 29480 | Swamp:1  | Found a transporter.
 29492 | Swamp:1  | Found a transporter.
 29528 | Swamp:1  | Noticed Ylluogh's ghost (adept GnWn)
 29571 | Swamp:1  | Noticed a fenstrider witch
 29577 | Swamp:1  | Killed a fenstrider witch
 29948 | Swamp:2  | Reached XP level 16. HP: 148/152 MP: 15/15
 30246 | D:2      | Bought the ring "Koto" {rElec rCorr Slay+2} for 424 gold
                  | pieces
 30479 | Swamp:2  | Paralysed by a hornet for 2 turns
 30879 | Swamp:2  | Received a gift from Trog
 30885 | Swamp:2  | Reached skill level 18 in Shields
 31308 | Swamp:3  | Noticed a tentacled monstrosity
 31322 | Swamp:3  | Killed a tentacled monstrosity
 31576 | Swamp:3  | Reached skill level 19 in Shields
 32057 | Swamp:4  | Entered Level 4 of the Swamp
 32145 | Swamp:4  | Noticed a thorn hunter
 32162 | Swamp:4  | Killed from afar by a thorn hunter

Illustrated notes

Levels and vault maps discovered:
D:1:      wheals_arrival_shading, layout_rooms, nicolae_twisty_statue_hallways
D:2:      layout_rooms, serial_shops, nicolae_shop_just_a_little_nook,
          nicolae_shop_vocational
D:3:      layout_basic, nicolae_gozag_seed_capital,
          ebering_ecumenical_altar_ruins, lightli_sewer_entry_pipes,
          uniq_sigmund, uniq_ijyb, uniq_grinder
D:4:      layout_basic, temple_green, kennysheep_generic_room_8, uniq_menkaure
D:5:      layout_loops_ring, gammafunk_ghost_arena, uniq_blork_the_orc,
          uniq_edmund, uniq_prince_ribbit1
D:6:      minmay_razor_zed, layout_loops_ring, nicolae_the_louvre
D:7:      layout_loops_cross, uniq_crazy_yiuf_cottage
D:8:      layout_rooms, serial_shops, shop, nicolae_shop_dealshenge, shop
D:9:      layout_stronghold, chequers_serial_rivers_marsh, nrook_mini_backslash
D:10:     minmay_chambers_of_sevens, layout_gridville, lair_entry_dummy,
          serial_shops, nicolae_take_the_stairs, nicolae_phantomly_mirrored,
          uniq_harold
D:11:     regret_index_tunnel_blossom, layout_irregular_city, hiddenorc1_lemuel,
          minmay_checkerbox
D:12:     minmay_the_grid_four_pointed_star_mashed
          [minmay_the_grid_triangle_9x9_corruption,
          minmay_the_grid_triangle_9x9_odd_lines,
          minmay_the_grid_triangle_9x9_wacky_v,
          minmay_the_grid_triangle_9x9_alien,
          minmay_the_grid_prize_shrinking_boxes], layout_stronghold,
          portal_ice_cave_entry_imps
D:13:     layout_small_grid, erik_vaults_1, minmay_puff
D:14:     layout_long_grid, enter_trove_6, chequers_serial_rivers_micro_b,
          serial_shops, shop, nicolae_shop_window_shopping, shop, minivault_16
D:15:     grunt_enter_depths_giant_problem, layout_cave_pods,
          chequers_serial_rivers_micro_d, uniq_roxanne
Lair:1:   layout_misc_corridors, minivault_27
Lair:2:   layout_cave_shapes, palyth_hydra_swamp_entry,
          minmay_snake_entry_guardpost_small, nicolae_quartered_pool_little,
          grunt_forest_large_clearings
Lair:3:   layout_regular_city
Lair:4:   layout_cave_pods, slime_entry_2
Lair:5:   evilmike_catoblepas_cave, layout_regular_city
Swamp:1:  layout_falls_marsh, gammafunk_ghost_berserking_beasts,
          evilmike_swamp_ruin_house_1, swamp_pool5, worms_lemuel
Swamp:2:  layout_basic_swamp, evilmike_swamp_ruin_house_4
Swamp:3:  layout_basic_swamp, serial_swamp_ruin, evilmike_swamp_ruin_wall,
          evilmike_swamp_ruin_house_5, evilmike_swamp_ruin_rubble_1,
          cheibrodos_swamp_minitomb
Swamp:4:  nzn_swamp_witches_coven, layout_basic_swamp,
          gammafunk_ghost_hydra_chop, nicolae_swamp_necromancy_gone_wrong
Orc:1:    layout_caves
Orc:2:    st_orc_pillars, layout_caves, uniq_azrael

Skill      XL: |  1  2  3  4  5  6  7  8  9 10 11 12 13 14 15 16 |
---------------+-------------------------------------------------+-----
Axes           | 4 5 6 7 9 13 15 16 17 18 | 18.0
Fighting       | 4 5 10 15 16 17 | 17.0
Armour         | 3 4 6 7 |  7.2
Dodging        | 3 4 5 6 |  6.2
Shields        | 2 5 13 17 19 | 19.7
Evocations     | 3 7 11 12 | 12.0

Action                     |  1- 3 |  4- 6 |  7- 9 | 10-12 | 13-15 | 16-18 || total
---------------------------+-------+-------+-------+-------+-------+-------++-------
  Melee: Hand axe          |    71 |   155 |   103 |       |       |       ||   329
         Headbutt          |    12 |    25 |    52 |   112 |   258 |    53 ||   512
         Punch             |       |     1 |     4 |       |       |       ||     5
         War axe           |       |       |   221 |   278 |       |       ||   499
         Broad axe         |       |       |       |   253 |  1247 |   216 ||  1716
         Mace              |       |       |       |     9 |    20 |       ||    29
 Invoke: Trog's Hand       |       |     1 |     1 |       |     2 |       ||     4
         Berserk           |       |       |     1 |     5 |     3 |       ||     9
         Brothers in Arms  |       |       |       |     1 |     2 |       ||     3
  Evoke: Wand              |       |       |       |       |     2 |       ||     2
    Use: Scroll            |       |       |     5 |    10 |     9 |     5 ||    29
         Potion            |       |       |       |     5 |     5 |       ||    10
   Stab: Petrified         |       |       |       |       |     2 |       ||     2
         Distracted        |       |       |       |       |     3 |       ||     3
         Paralysed         |       |       |       |       |     2 |       ||     2
 Armour: Animal skin       |    26 |       |       |       |       |       ||    26
         Ring mail         |    27 |    52 |    15 |       |       |       ||    94
         Chain mail        |       |       |   121 |   291 |   235 |       ||   647
         Plate armour      |       |       |       |       |   617 |       ||   617
         Swamp dragon scal |       |       |       |       |    37 |   138 ||   175
  Dodge: Dodged            |    72 |   124 |   222 |   307 |   366 |    49 ||  1140
         Repelled          |       |       |       |       |     2 |       ||     2
  Block: Buckler           |       |       |     6 |   111 |    44 |       ||   161
         Kite shield       |       |       |       |       |   364 |       ||   364
         Tower shield      |       |       |       |       |   268 |   185 ||   453
         Reflection        |       |       |       |       |     1 |       ||     1

Table legend: (Time is in decaauts)
 A = Elapsed time spent in this place.
 B = Non-inter-level travel time spent in this place.
 C = Inter-level travel time spent in this place.
 D = Time resting spent in this place.
 E = Time spent auto-exploring this place.
 F = Levels seen in this place.
 G = Mean time per level.
                   A        B        C        D        E       F      G
               +--------+--------+--------+--------+--------+-----+--------+
         Total |  32020 |  28939 |   3081 |   5331 |  18235 |  29 | 1104.1 |
       Dungeon |  18170 |  15864 |   2306 |   2166 |  10672 |  15 | 1211.3 |
          Lair |   6891 |   6317 |    574 |    921 |   4550 |   5 | 1378.2 |
         Swamp |   3407 |   3320 |     87 |    950 |   1703 |   4 |  851.8 |
  Orcish Mines |   2524 |   2412 |    112 |    932 |   1034 |   2 | 1262.0 |
         Trove |     66 |     66 |      0 |      0 |      0 |   1 |   66.0 |
         Sewer |    515 |    515 |      0 |      0 |    267 |   1 |  515.0 |
      Ice Cave |    444 |    444 |      0 |    362 |      8 |   1 |  444.0 |
               +--------+--------+--------+--------+--------+-----+--------+

Top non-repeatable levels by time:
    D:10: 1935 daAuts
  Lair:5: 1874 daAuts
    D:11: 1859 daAuts
  Lair:2: 1683 daAuts
     D:6: 1674 daAuts
 Swamp:1: 1582 daAuts
  Lair:3: 1547 daAuts
     D:9: 1517 daAuts
   Orc:1: 1436 daAuts
    D:12: 1411 daAuts
    D:14: 1377 daAuts
    D:13: 1254 daAuts
     D:4: 1200 daAuts
    D:15: 1167 daAuts
   Orc:2: 1087 daAuts
